Map: Ever Dream LE

Players

성량 - Winner!

  • Race: Terran Terran
  • League: Silver
  • Spawn Location: 7:00

JohnnyV

  • Race: Terran Terran
  • League: Silver
  • Spawn Location: 1:00

VOD

Have the link to the VOD?

Description

Time

  • Played on: May 16, 2020, 6:23 p.m.
  • Length: 16:36
Show
View Real Time Build Order
Export as new Build Order

성량 Terran - Winner!

Build Orders:  

Get SALT Encoding   

  12  0:00  SCV  
  13  0:13  SCV  
  14  0:20  Supply Depot  
  14  0:25  SCV  
  15  0:32  Refinery  
  15  0:41  SCV  
  16  0:45  Barracks  
  16  0:54  SCV  
  17  1:06  SCV  
  18  1:29  Command Center  
  18  1:30  SCV  
  19  1:34  Marine  
  20  1:45  Orbital Command  
  20  1:54  Barracks Reactor  
  20  1:58  Refinery  
  20  2:10  Factory  
  20  2:13  SCV  
  21  2:26  SCV  
  22  2:30  Supply Depot  
  22  2:33  Marine  
  23  2:40  SCV, Marine  
  25  2:45  Orbital Command  
  25  2:52  SCV  
  26  3:00  Starport  
  26  3:03  Factory Tech Lab  
  26  3:04  SCV  
  27  3:09  Marine x2  
  28  3:18  SCV  
  29  3:31  Marine  
  29  3:32  Marine  
  30  3:35  SCV  
  30  3:37  SCV  
  32  3:43  Starport Tech Lab  
  32  3:48  SCV  
  33  3:49  SCV, Factory Reactor  
  33  3:50  Starport  
  34  3:58  Marine  
  34  4:00  SCV  
  34  4:01  SCV  
  37  4:07  Supply Depot  
  37  4:12  SCV  
  37  4:13  SCV, Viking  
  41  4:23  Refinery  
  41  4:24  SCV  
  41  4:25  SCV  
  41  4:26  Refinery  
  43  4:33  Fusion Core  
  43  4:34  Supply Depot  
  43  4:36  SCV  
  44  4:38  Starport  
  44  4:40  Marine x2  
  44  4:43  Hellion  
  48  4:48  SCV  
  49  4:53  SCV  
  48  5:00  SCV  
  48  5:05  SCV  
  48  5:06  Viking  
  46  5:07  Viking  
  46  5:12  SCV  
  45  5:15  Hellion  
  45  5:17  SCV  
  48  5:24  SCV  
  48  5:26  Starport Tech Lab  
  49  5:29  Weapon Refit  
  49  5:31  Supply Depot  
  49  5:35  Armory  
  47  5:36  SCV  
  48  5:49  SCV  
  49  5:58  SCV  
  49  6:01  SCV  
  49  6:03  Command Center  
  51  6:10  SCV  
  51  6:11  Supply Depot, Engineering Bay  
  52  6:13  SCV  
  53  6:19  Hellion  
  53  6:25  SCV  
  62  6:32  Battlecruiser  
  62  6:37  SCV  
  63  6:49  SCV  
  64  6:54  SCV  
  64  6:58  Terran Ship Weapons Level 1  
  64  7:00  Supply Depot  
  65  7:01  SCV  
  65  7:02  Missile Turret  
  65  7:06  Battlecruiser  
  72  7:09  Hellion  
  72  7:13  SCV, Rapid Reignition System  
  75  7:17  Orbital Command  
  75  7:19  Refinery  
  76  7:22  SCV  
  76  7:24  Missile Turret  
  76  7:25  SCV  
  76  7:28  Battlecruiser  
  83  7:37  SCV  
  83  7:40  Supply Depot  
  82  7:50  SCV  
  76  8:02  SCV  
  71  8:10  Battlecruiser, SCV  
  78  8:13  Supply Depot  
  78  8:15  Hellion  
  82  8:22  SCV  
  82  8:24  Viking  
  85  8:30  Orbital Command  
  85  8:33  SCV  
  81  8:45  SCV  
  81  8:48  Battlecruiser  
  81  8:52  Marine x2  
  72  9:09  Marine  
  68  9:10  Marine  
  69  9:22  SCV  
  70  9:27  SCV, Marine  
  72  9:34  SCV  
  73  9:39  SCV x2  
  75  9:46  SCV, Refinery  
  75  9:48  Refinery  
  74  9:58  Battlecruiser x3, SCV  
  93  10:10  SCV  
  94  10:16  Factory  
  94  10:21  Terran Vehicle And Ship Armor Level 1  
  94  10:22  SCV  
  94  10:23  Supply Depot  
  94  10:28  SCV, Missile Turret  
  96  10:34  SCV  
  97  10:40  SCV  
  98  10:47  SCV  
  98  10:48  Command Center  
  98  10:49  Barracks  
  99  10:51  Missile Turret  
  99  10:52  SCV  
  99  10:53  Supply Depot  
  100  10:57  Neosteel Armor  
  100  10:59  SCV  
  100  11:00  Marine x2  
  100  11:02  Factory Tech Lab  
  103  11:04  SCV  
  103  11:06  Factory  
  103  11:11  SCV  
  105  11:14  Battlecruiser x2  
  105  11:16  SCV, Supply Depot  
  105  11:18  Marine x2  
  118  11:21  Advanced Ballistics  
  120  11:29  SCV  
  121  11:36  Marine x2  
  123  11:41  SCV  
  123  11:43  Supply Depot, Starport  
  123  11:46  Command Center, Siege Tank  
  127  11:53  SCV  
  87  12:28  Battlecruiser x2  
  93  12:35  Marine x2  
  95  12:39  Orbital Command  
  95  12:43  SCV  
  96  12:44  Unknown  
  96  12:51  Factory Tech Lab  
  96  12:52  Marine, Siege Tank  
  96  12:53  Marine  
  96  12:55  SCV  
  96  12:58  Battlecruiser  
  108  13:00  Orbital Command  
  108  13:03  Refinery  
  108  13:04  SCV  
  109  13:07  SCV  
  109  13:10  Marine x2  
  112  13:19  SCV, Siege Tank  
  116  13:24  Siege Tank  
  119  13:28  Marine x2  
  119  13:31  SCV  
  111  13:42  SCV  
  111  13:46  Marine x2  
  114  13:50  Battlecruiser x2  
  124  13:56  SCV  
  124  14:02  Battlecruiser  
  130  14:08  SCV  
  130  14:10  Terran Ship Weapons Level 2  
  126  14:21  SCV  
  110  14:33  SCV  
  111  14:42  SCV  
  111  14:45  SCV  
  113  14:54  Command Center  
  113  14:57  SCV  
  113  14:59  Siege Tank x2  
  120  15:02  Command Center  
  120  15:05  Refinery  
  120  15:09  SCV  
  121  15:14  Starport Tech Lab  
  121  15:20  Supply Depot  
  121  15:21  SCV  
  121  15:25  Battlecruiser  
  121  15:26  Battlecruiser  
  134  15:33  SCV  
  135  15:45  SCV  
  136  15:53  Command Center  
  136  15:55  SCV  
  149  16:07  SCV, Orbital Command  
  149  16:08  Refinery  
  150  16:19  SCV  
Show
View Real Time Build Order
Export as new Build Order

JohnnyV Terran 

Build Orders: Liberator Opening 

Get SALT Encoding   

  12  0:01  SCV  
  13  0:17  Supply Depot  
  13  0:18  SCV  
  14  0:30  SCV  
  14  0:31  Refinery  
  15  0:42  Barracks  
  15  0:46  SCV  
  16  0:58  SCV  
  17  1:10  SCV  
  18  1:17  Supply Depot  
  18  1:22  SCV  
  18  1:23  Refinery  
  19  1:31  Reaper  
  20  1:34  SCV  
  21  1:41  Bunker  
  21  1:49  Orbital Command  
  21  2:06  Factory  
  21  2:11  Barracks Reactor  
  21  2:43  SCV  
  22  2:50  Command Center  
  22  2:55  SCV  
  22  2:56  Supply Depot  
  23  3:00  Factory Tech Lab  
  23  3:02  Starport  
  23  3:23  Marine x2, Siege Tank  
  28  3:30  SCV  
  29  3:40  Liberator  
  31  3:42  SCV  
  32  3:53  Engineering Bay  
  32  3:57  Refinery  
  32  3:59  Marine x2  
  34  4:08  SCV  
  35  4:15  Orbital Command  
  35  4:22  Cyclone  
  38  4:26  Marine x2  
  40  4:31  Starport Reactor  
  40  4:40  Missile Turret  
  40  4:42  Missile Turret  
  40  4:44  SCV x2  
  42  4:46  Marine  
  42  4:48  Marine  
  44  4:58  Siege Tank  
  47  5:04  Supply Depot  
  44  5:14  Medivac  
  44  5:15  Medivac  
  44  5:16  Marine x2  
  44  5:18  SCV  
  44  5:20  SCV  
  52  5:27  Supply Depot  
  52  5:33  Armory  
  52  5:38  Terran Infantry Armor Level 1  
  52  5:40  SCV x2  
  54  5:49  Missile Turret  
  54  5:51  Siege Tank  
  54  5:53  Medivac  
  59  5:58  Medivac  
  61  6:14  SCV x2, Refinery  
  61  6:15  Marine x2  
  65  6:23  Barracks  
  65  6:28  Sensor Tower  
  65  6:53  Siege Tank  
  68  7:04  Marine x2  
  70  7:12  Supply Depot  
  70  7:13  Supply Depot  
  70  7:14  Terran Vehicle And Ship Armor Level 1  
  70  7:19  Barracks Tech Lab  
  70  7:26  Viking x2, Marine x2  
  76  7:49  Marine x2  
  76  7:50  Siege Tank  
  79  8:06  Marine x2  
  81  8:20  Viking x2  
  81  8:24  Marine x2  
  81  8:27  Marine  
  87  8:29  Combat Shield  
  88  8:42  Marine x2  
  88  8:44  Marine  
  73  9:00  Marine x2  
  73  9:02  Marine  
  56  9:18  Missile Turret, Marine x2  
  56  9:20  Marine  
  56  9:22  Missile Turret  
  59  9:24  Missile Turret  
  59  9:27  Missile Turret  
  59  9:28  Missile Turret  
  59  9:30  Viking x2, Missile Turret  
  63  9:35  Marine  
  63  9:36  Marine  
  63  9:38  Marine  
  65  9:39  Cyclone  
  69  9:46  Barracks  
  69  9:47  Barracks  
  69  9:52  Terran Vehicle Weapons Level 1  
  69  9:53  Marine x2  
  69  9:56  Missile Turret  
  71  10:01  Supply Depot x2  
  71  10:04  SCV x2  
  73  10:10  Marine  
  73  10:11  Marine x2  
  76  10:28  Marine  
  76  10:31  Concussive Shells  
  76  10:33  Medivac  
  76  10:34  Medivac  
  81  10:36  Barracks Reactor  
  81  10:39  Barracks Tech Lab  
  81  10:41  Marine x2  
  83  10:43  Thor  
  83  10:46  Marine  
  90  11:03  Viking, Marine x2  
  90  11:04  Viking  
  96  11:10  Supply Depot  
  96  11:11  Supply Depot  
  96  11:24  Terran Infantry Weapons Level 1  
  96  11:26  Command Center  
  96  11:29  Refinery  
  96  11:30  Marine x2  
  96  11:31  Refinery  
  98  11:33  Marine x2  
  98  11:35  Viking x2  
  107  11:41  Cyclone  
  107  11:46  Terran Ship Weapons Level 1  
  99  11:57  Marine x3  
  99  11:58  Marine  
  85  12:05  Marine x2  
  80  12:08  Viking x2  
  80  12:15  Marine x3  
  79  12:18  Marine  
  79  12:22  Marine  
  79  12:23  Marine  
  81  12:32  Marine  
  81  12:33  Marine x2  
  81  12:35  Marine  
  85  12:40  Stimpack, Marine x2  
  87  12:48  Orbital Command  
  87  12:50  Marine  
  88  12:55  Medivac  
  90  13:16  SCV x3  
  90  13:19  Marine x2  
  93  13:20  Marine x3  
  96  13:44  Marine  
  96  13:45  Marine x5  
  105  13:52  SCV  
  105  13:53  SCV x2  
  105  13:54  Medivac  
  105  13:55  Medivac  
  111  14:02  Marine x2  
  110  14:03  Marine x2  
  110  14:04  Marine  
  115  14:14  Thor  
  99  14:25  Marine  
  99  14:26  Marine x5  
  75  14:43  Marine x2  
  75  14:44  Marine x2  
  79  14:50  Viking  
  83  14:52  Marauder  
  83  14:53  Marine  
  84  15:01  SCV  
  84  15:02  SCV x2  
  87  15:27  Factory  
  87  15:28  Supply Depot  
  87  15:29  Factory  
  87  15:31  Missile Turret  
  87  15:48  SCV  
  87  15:49  SCV x2  
  90  15:51  Marine  
  90  15:52  Marine x5  
  90  15:55  Viking x2, Sensor Tower  
  100  16:01  SCV  
  101  16:09  Marine x2  
Tags
 
Add a new tag
Caveats
  • Supply blocks, unpowered buildings, or Contaminate may cause inaccurate times.
  • Supply counts are checked every 10 seconds.